 Dungeon Crawl Stone Soup version 0.17-a0-2055-gb4e23be (webtiles) character file.

514094 hexophile the Bludgeoner (level 24, -15/248 HPs)
             Began as a Troll Berserker on Oct 11, 2015.
             Was the Champion of the Shining One.
             Demolished by a stone giant (34 damage)
             ... created by the rage of Trog
             ... on level 15 of the Dungeon.
             The game lasted 02:45:20 (51487 turns).

hexophile the Bludgeoner (Troll Berserker)         Turns: 51487, Time: 02:45:20

Health: -15/248    AC: 32    Str: 32    XL:     24   Next: 42%
Magic:  28/31      EV: 18    Int:  5    God:    the Shining One [******]
Gold:   2426       SH: 10    Dex: 22    Spells: 0 memorised, 23 levels left

rFire  + + +     SeeInvis .     w - +9 giant spiked club (holy)
rCold  + + .     Clarity  +     D - +1 gold dragon armour {rC+ rF+ rPois}
rNeg   + + +     SustAt   .     (no shield)
rPois  +         Gourm    +     Q - +1 hat
rElec  .         Spirit   .     r - +1 cloak
rCorr  .         Warding  +     (gloves unavailable)
rMut   .         Stasis   .     (boots unavailable)
MR     ++...                    z - amulet "Joirulie" {Ward rF+ rC+ rN+}
Stlth  ..........               d - ring "Giosana" {*Confuse +Fly rPois rF+ MR+}
                                K - +5 ring of protection

@: agile, divine shield, very slightly contaminated, hasted, glowing, very
quick, very resistant to hostile enchantments, extremely unstealthy
A: unfitting armour, claws 3, icy blue scales 1, clarity, clever 1, fast
metabolism 3, gourmand, regeneration 2, shaggy fur 1, tough skin 2
a: Divine Shield, Cleansing Flame, Summon Divine Warrior, Renounce Religion,
Evoke Flight
}: 2/15 runes: decaying, gossamer


You were on level 15 of the Dungeon.
You worshipped the Shining One.
The Shining One was exalted by your worship.
You were hungry.

You visited 12 branches of the dungeon, and saw 53 of its levels.
You visited the Abyss 2 times.
You visited 1 bazaar.
You visited 1 ziggurat, and saw 6 of its levels.
You also visited: Labyrinth, Trove, Bailey and Ice Cave.

You collected 6690 gold pieces.
You spent 4264 gold pieces at shops.


Innate Abilities, Weirdness & Mutations

You are too large for most types of armour.
You have claws for hands.
Your metabolism is lightning-fast.
You like to eat raw meat.
You heal very quickly.
You are covered in fur (AC +1).
You have very tough skin (AC +2).
You are partially covered in icy blue scales (AC +1).
You possess an exceptional clarity of mind.
Your mind is acute. (Int +2)

Inventory:

Hand Weapons
 q - a +9 antimagic giant spiked club
 w - a +9 giant spiked club of holy wrath (weapon)
 x - a +9 giant spiked club of chaos
Missiles
 J - 75 large rocks (quivered)
Armour
 j - the +2 shield of Resistance {rF+ rC+ MR+}
   (You found it on level 3 of the Crypt)

   It protects you from fire.
   It protects you from cold.
   It affects your resistance to hostile enchantments.
 r - a +1 cloak (worn)
 D - a +1 gold dragon armour (worn) {rC+ rF+ rPois}
 Q - a +1 hat (worn)
Jewellery
 d - the ring "Giosana" (right claw) {*Confuse +Fly rPois rF+ MR+}
   (You bought it in a shop on level 1 of the Depths)

   [ring of protection from fire]

   It protects you from fire.
   It protects you from poison.
   It affects your resistance to hostile enchantments.
   It lets you fly.
   It may confuse you when you take damage.
 z - the amulet "Joirulie" (around neck) {Ward rF+ rC+ rN+}
   (You took it off a vampire mage on level 3 of the Crypt)

   [amulet of warding]

   It may prevent the melee attacks of summoned creatures.
   It protects you from fire.
   It protects you from cold.
   It protects you from negative energy.
 A - an uncursed ring of poison resistance {unknown}
 C - an uncursed ring of sustain attributes
 K - a +5 ring of protection (left claw)
 O - the amulet of the Four Winds {Clar rN+ MR+++}
   (You bought it in a shop on level 1 of the Depths)

   [amulet of clarity]

   It provides mental clarity.
   It protects you from negative energy.
   It affects your resistance to hostile enchantments.
Wands
 t - a wand of cold (13)
 y - a wand of disintegration (1)
 G - a wand of teleportation (0) {!V}
 M - a wand of lightning (8)
 N - a wand of heal wounds (5) {!V}
 P - a wand of hasting (2)
 U - a wand of digging (13)
 Y - a wand of teleportation (0) {!V}
Scrolls
 c - 30 scrolls of remove curse
 e - 4 scrolls of enchant weapon
 g - 4 scrolls of fear
 k - a scroll of immolation
 m - 3 scrolls of fog
 u - 2 scrolls of amnesia
 I - 15 scrolls of identify
 R - a scroll of holy word
 T - 4 scrolls of magic mapping
 Z - a scroll of vulnerability
Potions
 a - 5 potions of invisibility
 f - 5 potions of lignification
 h - 10 potions of might
 i - 4 potions of berserk rage
 n - 24 potions of curing
 o - 6 potions of cancellation
 s - 6 potions of brilliance
 B - 3 potions of magic
 E - 3 potions of agility
 F - 2 potions of heal wounds
 H - 4 potions of ambrosia
 V - 2 potions of cure mutation {!q}
 X - a potion of resistance
Miscellaneous
 l - a lamp of fire (inert)
 v - a disc of storms
 L - a phial of floods (inert)
 S - a fan of gales (inert)
Comestibles
 b - 5 bread rations
 p - 11 meat rations
 W - a royal jelly


You had 23 spell levels left.
You didn't know any spells.


   Skills:
 - Level 16.0 Fighting
 - Level 20.1 Maces & Flails
 - Level 12.4 Throwing
 - Level 13.1 Armour
 - Level 13.0 Dodging
 - Level 14.1 Unarmed Combat
 - Level 11.0 Invocations
 + Level 12.3 Evocations

Dungeon Overview and Level Annotations

Branches:
Dungeon (15/15)            Temple (0/1) D:5            Lair (8/8) D:10
  Swamp (4/4) Lair:4       Spider (4/4) Lair:4        Slime (0/6) Lair:8
    Orc (4/4) D:10            Elf (3/3) Orc:4        Vaults (4/5) D:14
  Crypt (3/3) Vaults:3       Tomb (1/3) Crypt:3      Depths (5/5) D:15
   Hell (1/1)                 Dis (0/7) Hell            Geh (1/7) Hell
    Coc: Hell:1         Tar: Hell:1         Zot: Depths:5

Altars:
Cheibriados
Dithmenos
Elyvilon
Fedhas
Gozag
Kikubaaqudgha
Makhleb
Okawaru
Qazlal
Ru
Sif Muna
Trog
Xom
Yredelemnul
Zin
The Shining One
Jiyva

Shops:
D:8 (   D:9 (   D:11 !   D:13 (   D:15 *   Orc:2 [   Orc:4 :*%*   Elf:1 ?
Elf:3 *   Vaults:2 =   Vaults:3 *(([!   Depths:1 =(=(

Portals:
Hell: Depths:1 Depths:2 Depths:3 Depths:4
Abyss: Depths:1 Depths:4
Pandemonium: Depths:1 Depths:2 Depths:3

Annotations:
D:14 fuck you trog
Lair:5 exclusion: oklob plant
Elf:3 fuck this trov
Depths:3 lolx2

Vault maps used:
D:1:      scummos_arrival_simple_crosswalls
D:2:      grunt_qazlal_clouds
D:4:      first_bread, uniq_duvessa
D:5:      lemuel_crystal_altar, lemuel_zombie_altar_yredelemnul,
          okawaru_ov_weapons_minmay, minmay_temple_entry_statues_fountains,
          corexii_leaking_fountain, elyvilon_altar_1
D:6:      nicolae_ru_the_path_less_chosen, lemuel_round_altar
D:7:      old_standard_altar, enter_bailey_2, due_unseen_surprise
D:8:      grunt_temple_overflow_gold_and_silver, kennysheep_mini_moat,
          nicolae_overflow_crystal_walls, serial_shops, shop,
          hangedman_tree_tricks, uniq_erica
D:9:      kennysheep_mini, slow_altar_1, serial_shops, shop
D:10:     erik_lair_orcish_takeover, hiddenorc1_lemuel
D:11:     serial_shops, shop, minmay_misc_feat_cross, minivault_4, uniq_urug,
          uniq_harold, uniq_grum
D:12:     nicolae_for_you_no_charge
D:13:     serial_shops, shop_fountains, uniq_azrael
D:14:     david_vaults_4, spider_trap, tso_altar
D:15:     hangedman_depths_entry_civil_slaughter, serial_shops, shop
Lair:1:   basic_altar, uniq_nergalle
Lair:3:   minivault_29, grunt_megastairs_3, lemuel_fruit_fields, uniq_snorg
Lair:4:   minmay_swamp_entry_worms, nicolae_spider_entry_orb_guardian
Lair:5:   minivault_19, minivault_19, grunt_megastairs_2
Lair:6:   grunt_megastairs_4, uniq_maud
Lair:7:   lab_entry_generic, st_stairs_3
Lair:8:   wormcave, hangedman_lair_in_review, slime_altar_1, st_stairs_12
Swamp:1:  evilmike_swamp_ruin_house_1
Swamp:2:  serial_swamp_ruin, evilmike_swamp_ruin_house_2,
          evilmike_swamp_ruin_house_4, swamp_pool1
Swamp:3:  evilmike_swamp_ruin_house_5, swamp_pool1, infiniplex_staircase_pool
Swamp:4:  swamp_alternative, infiniplex_staircase_pool_2
Spider:2: uniq_agnes, uniq_frances, uniq_arachne, uniq_nikola
Spider:3: uniq_roxanne, uniq_aizul
Spider:4: spider_rune_water, hangedman_stitches_earthworm, uniq_donald
Orc:1:    serial_shops, nicolae_shop_temple_entry_statues_fountains
Orc:2:    minmay_goldmine, serial_shops, nicolae_shop_trees
Orc:3:    basic_altar, nicolae_orc_pool_cavern, trog_book
Orc:4:    st_orc_pillars, guppyfry_library_mini
Elf:1:    minmay_elf_arrival_plus, basic_altar,
          portal_ice_cave_entry_ice_beasts, serial_shops, nicolae_shop_trees,
          minmay_elf_necromancy
Elf:2:    library_closet, uniq_asterion
Elf:3:    grunt_elf_hall_asides, nicolae_trove_entry_diagonal, serial_shops,
          nicolae_shop_overgrown_old_shop
Vaults:1: v_alt_pattern_1, nicolae_vaults_what_the_h, ontoclasm_vaults_ligature,
          ontoclasm_vaults_gallery, vaults_mumra_chevron,
          vaults_room_grunt_arrival_ludios, vaults_room_pool,
          dpeg_vaults_monster_box, vaults_dpeg_ring
Vaults:2: v_misc_32, ontoclasm_vaults_shuriken, nicolae_vaults_hallways_thing,
          ontoclasm_vaults_fault, vaults_standard_mumra_x,
          grunt_vaults_hallway_long, ontoclasm_vaults_shout,
          vaults_dpeg_encased_lava, vaults_dpeg_hooks, vaults_dpeg_diagonal,
          serial_shops, shop
Vaults:3: hangedman_vaults_stream, ontoclasm_vaults_ring_square,
          nicolae_vaults_ninety_degrees, v_pattern_1, v_misc_10,
          ontoclasm_vaults_ring_square, v_alt_pattern_2,
          grunt_vaults_hallway_long, minmay_crypt_entry_necro_gods,
          dpeg_vaults_monster_row, ontoclasm_vaults_ring_small, serial_shops,
          shop, nicolae_shop_behind_doors, nicolae_shop_behind_doors,
          nicolae_shop_overgrown_old_shop, shop
Vaults:4: vaults_room_ringed_pool, nicolae_vaults_little_squares_5,
          ontoclasm_vaults_ring_square, vaults_room_large_hall, v_misc_17,
          v_misc_9, hangedman_vaults_snaps, ontoclasm_vaults_eye, v_misc_4,
          v_pattern_3, vaults_mumra_chevron_long
Crypt:1:  wad_floor_pattern_2
Crypt:2:  nicolae_crypt_small_crypt, nicolae_crypt_fedhas_prevails,
          basic_stair_grate_trap
Crypt:3:  david_glass_crypt, st_stairs_10, basic_stair_grate_trap
Depths:1: hell_entry, serial_shops, nicolae_shop_trees,
          nicolae_shop_behind_doors, nicolae_shop_behind_doors,
          nicolae_shop_behind_doors, shop, abyss_entry_crystal,
          minmay_misc_feat_more_columns, rand_demon_pan_entry_4,
          kennysheep_just_a_vault
Depths:2: kennysheep_large_spiral, rand_demon_pan_entry_1, serial_shops,
          bzr_entry_road, hangedman_geh_valley
Depths:3: hangedman_crystal_crosses_colossus, hell_entry, pan_entry, uniq_boris,
          uniq_xtahua, uniq_sojobo
Depths:4: lemuel_ice_spiral_1, enter_ziggurat_b, hell_entry, abyss_entry
Depths:5: grunt_zot_entry_tricorne, lightli_too_deep, minmay_misc_feat_ornament,
          abyss_entry
Geh:1:    grunt_deathspiral_small
Lab:      nicolae_lab_arrow, nicolae_lab_blocks, nicolae_lab_starburst,
          labyrinth_glass_1, labyrinth_lava_lair, labyrinth_fake_exit
Bazaar:   bazaar_kb_twisted_cavern
Trove:    trove_hunter_1
Bailey:   bailey_axe_minmay_hex_keep, bailey
IceCv:    ice_cave_small_demon
You       could see 3 stone giants, a polar bear (berserk) and an ogre
          (berserk).


Message History

The polar bear claws your water elemental!
The stone giant hits your water elemental!!!
Your water elemental is destroyed!
The stone giant misses you. The ogre misses you.
Unknown command.
Unknown command.
Use which ability?
A divine shield forms around you!
You feel slightly more hungry. The stone giant closely misses you.
Your water elemental hits the stone giant.
The stone giant rages.
The stone giant hits your water elemental!!!
You now have 28/31 mp.
Unknown command.
Unknown command.
Drink which item? (? for menu, Esc to quit)
Your clarity would prevent the potion's effects.
Unknown command.
You bludgeon the ogre!!
The ogre is severely wounded.
The stone giant completely misses you. The ogre misses you.
Unknown command.
Drink which item? (? for menu, Esc to quit)
Okay, then.
Put on which piece of jewellery? (? for menu, Esc to quit)
Okay, then.
Drink which item? (? for menu, Esc to quit)
Okay, then.
Drink which item? (? for menu, Esc to quit)
Okay, then.
You completely miss the ogre.
The ogre is severely wounded.
The stone giant hits your water elemental!!
You block the stone giant's attack.
Your water elemental hits the stone giant.
Unknown command.
You sock the ogre!
You kill the ogre!
That felt strangely unrewarding.
The stone giant hits your water elemental!!!
Your water elemental is destroyed!
The stone giant hits you!!!
* * * LOW HITPOINT WARNING * * *
The stone giant shouts!
You take 46 damage, and have 18/248 hp.
Unknown command.
You enter the shallow water.
Moving in this stuff is going to be slow.
The stone giant hits you!!
You die...

Action                   |  1- 3 |  4- 6 |  7- 9 | 10-12 | 13-15 | 16-18 | 19-21 | 22-24 || total
-------------------------+-------+-------+-------+-------+-------+-------+-------+-------++-------
Melee: Unarmed           |    98 |    95 |   234 |   757 |   138 |       |     5 |       ||  1327
       Giant spiked club |       |       |       |    15 |    42 |  1026 |  1667 |  1365 ||  4115
       Dire flail        |       |       |       |     6 |  1503 |    54 |       |       ||  1563
       Giant club        |       |       |       |       |       |   148 |       |       ||   148
Throw: Large rock        |       |       |       |       |       |       |    22 |     2 ||    24
Invok: Trog's Hand       |       |     4 |    11 |     8 |    32 |    50 |    24 |     9 ||   138
       Berserk           |       |     4 |     7 |     3 |    10 |    12 |     3 |       ||    39
       Brothers in Arms  |       |       |       |     2 |     1 |     2 |     1 |     3 ||     9
       Burn Spellbooks   |       |       |       |       |     1 |     3 |     3 |     3 ||    10
       Cleansing Flame   |       |       |       |       |       |       |       |    28 ||    28
       Divine Shield     |       |       |       |       |       |       |       |    11 ||    11
       Brand Weapon With |       |       |       |       |       |       |       |     1 ||     1
       Summon Divine War |       |       |       |       |       |       |       |     3 ||     3
Evoke: Wand              |       |       |       |     2 |    13 |    28 |     8 |    27 ||    78
       Fan of gales      |       |       |       |       |       |     1 |     1 |     2 ||     4
       Phial of floods   |       |       |       |       |       |       |     1 |     2 ||     3
       Lamp of fire      |       |       |       |       |       |       |       |     1 ||     1
  Use: Scroll            |       |       |    11 |    10 |    28 |    27 |    14 |    18 ||   108
       Potion            |       |       |     7 |    12 |     4 |     7 |     3 |    12 ||    45
 Stab: Sleeping          |     1 |       |       |       |       |       |       |       ||     1
       Petrifying        |       |       |       |     1 |       |       |     4 |       ||     5
       Distracted        |       |       |       |       |     1 |     2 |     2 |     1 ||     6
       Petrified         |       |       |       |       |     3 |       |       |       ||     3
       Paralysed         |       |       |       |       |       |    10 |    33 |     1 ||    44
       Confused          |       |       |       |       |       |     1 |     4 |       ||     5
  Eat: Chunk             |     5 |    22 |    31 |    51 |   102 |    94 |   127 |     4 ||   436
       Beef jerky        |     1 |       |       |       |       |       |       |     1 ||     2
       Bread ration      |       |       |       |     2 |     2 |     2 |       |    16 ||    22
       Fruit             |       |       |       |       |     8 |    16 |       |       ||    24
       Royal jelly       |       |       |       |       |       |     1 |       |       ||     1
       Meat ration       |       |       |       |       |       |       |       |     4 ||     4

Notes
Turn   | Place    | Note
--------------------------------------------------------------
     0 | D:1      | hexophile the Troll Berserker began the quest for the Orb.
     0 | D:1      | Reached XP level 1. HP: 22/22 MP: 0/0
    96 | D:1      | Reached XP level 2. HP: 29/29 MP: 1/1
   436 | D:1      | Acquired Trog's second power
   538 | D:1      | Reached skill level 4 in Unarmed Combat
   564 | D:2      | Reached XP level 3. HP: 31/36 MP: 2/2
   614 | D:2      | Found a stormy altar of Qazlal.
  1055 | D:3      | Reached XP level 4. HP: 44/44 MP: 3/3
  1072 | D:3      | Reached skill level 5 in Unarmed Combat
  1545 | D:4      | Noticed an ogre
  1552 | D:4      | Killed an ogre
  1552 | D:4      | Reached skill level 6 in Unarmed Combat
  1552 | D:4      | Reached XP level 5. HP: 50/50 MP: 4/4
  1716 | D:4      | Noticed Dowan
  1721 | D:4      | Noticed Duvessa
  1721 | D:4      | Killed Dowan
  1721 | D:4      | Reached XP level 6. HP: 59/59 MP: 5/5
  1730 | D:4      | Killed Duvessa
  1730 | D:4      | Reached skill level 7 in Unarmed Combat
  2108 | D:5      | Entered Level 5 of the Dungeon
  2108 | D:5      | Noticed Conn321's ghost (novice HONe)
  2120 | D:5      | Killed Conn321's ghost
  2120 | D:5      | Reached skill level 3 in Fighting
  2120 | D:5      | Reached skill level 8 in Unarmed Combat
  2120 | D:5      | Reached XP level 7. HP: 67/67 MP: 6/6
  2167 | D:5      | Found a staircase to the Ecumenical Temple.
  2264 | D:5      | Found a burning altar of Makhleb.
  2282 | D:5      | Found an iron altar of Okawaru.
  2349 | D:5      | Found a white marble altar of Elyvilon.
  2507 | D:5      | Reached skill level 9 in Unarmed Combat
  2516 | D:5      | Found a basalt altar of Yredelemnul.
  2548 | D:6      | Reached XP level 8. HP: 71/78 MP: 7/7
  2597 | D:6      | Reached skill level 4 in Fighting
  2782 | D:6      | Found a shadowy altar of Dithmenos.
  3031 | D:6      | Found a sacrificial altar of Ru.
  3228 | D:6      | Got a twisted trident {flame}
  3229 | D:6      | Identified the cursed +0 trident "Garaciut" {flame, Stlth+} (You took it off an orc warrior on level 6 of the Dungeon)
  3599 | D:7      | Found a glowing golden altar of the Shining One.
  3636 | D:7      | Reached skill level 10 in Unarmed Combat
  3801 | D:7      | Reached skill level 5 in Fighting
  3841 | D:7      | Found a flagged portal.
  3849 | Bailey   | Entered a bailey
  3883 | Bailey   | Acquired Trog's third power
  3945 | Bailey   | Reached XP level 9. HP: 77/88 MP: 8/8
  4008 | Bailey   | Reached skill level 11 in Unarmed Combat
  4037 | Bailey   | Reached skill level 3 in Dodging
  4130 | Bailey   | Reached skill level 7 in Fighting
  4130 | Bailey   | Reached skill level 5 in Dodging
  4130 | Bailey   | Reached skill level 13 in Unarmed Combat
  4130 | Bailey   | Reached XP level 10. HP: 94/102 MP: 9/9
  4186 | Bailey   | Noticed an orc knight
  4186 | Bailey   | Noticed an orc warlord
  4197 | Bailey   | Killed an orc knight
  4214 | Bailey   | Killed an orc warlord
  4887 | D:8      | Noticed Erica
  4911 | D:8      | Killed Erica
  4911 | D:8      | Reached skill level 6 in Dodging
  4989 | D:8      | Found Alezeh's Antique Weapon Shoppe.
  4995 | D:8      | Bought a polished dire flail for 279 gold pieces
  4995 | D:8      | Identified the +9 dire flail of the Eleven Hells {freeze, rC+ MP-9 Dex+3} (You bought it in a shop on level 8 of the Dungeon)
  5026 | D:8      | Found a shimmering altar of Xom.
  5093 | D:8      | Found a blossoming altar of Fedhas.
  5147 | D:8      | Found a bloodstained altar of Trog.
  5150 | D:8      | Found an opulent altar of Gozag.
  5150 | D:8      | Found a glowing silver altar of Zin.
  5189 | D:8      | Reached XP level 11. HP: 106/110 MP: 10/10
  5598 | D:9      | Reached skill level 14 in Unarmed Combat
  5879 | D:9      | Got a warped morningstar
  5881 | D:9      | Identified the +5 morningstar "Xugikhloxt" {pain, rN+} (You found it on level 9 of the Dungeon)
  5964 | D:9      | Reached skill level 8 in Fighting
  5970 | D:9      | Found a snail-covered altar of Cheibriados.
  6181 | D:9      | Found Nyasiag's Antique Weapon Boutique.
  6242 | D:9      | Found a blossoming altar of Fedhas.
  6263 | D:10     | Entered Level 10 of the Dungeon
  6381 | D:10     | Reached skill level 1 in Maces & Flails
  6386 | D:10     | Reached skill level 1 in Armour
  6403 | D:10     | Found a staircase to the Lair.
  6425 | D:10     | Reached skill level 2 in Maces & Flails
  6581 | D:10     | Found a staircase to the Orcish Mines.
  6795 | D:11     | Received a gift from Trog
  6828 | D:11     | Reached skill level 3 in Maces & Flails
  6858 | D:11     | Found Narik's Distillery.
  6864 | D:11     | Bought a potion of might for 48 gold pieces
  6864 | D:11     | Noticed Harold
  6875 | D:11     | Killed Harold
  6923 | D:11     | Reached skill level 4 in Maces & Flails
  6992 | D:11     | Noticed Urug
  7005 | D:11     | Killed Urug
  7040 | D:11     | Reached skill level 5 in Maces & Flails
  7074 | D:11     | Noticed Grum
  7092 | D:11     | Killed Grum
  7253 | D:11     | Reached skill level 6 in Maces & Flails
  7433 | D:11     | Gained mutation: Your mind is acute. (Int +2) [potion of beneficial mutation]
  7434 | D:11     | Gained mutation: You possess an exceptional clarity of mind. [potion of beneficial mutation]
  7435 | D:11     | Gained mutation: You are partially covered in icy blue scales (AC +1). [potion of beneficial mutation]
  7492 | Lair:1   | Entered Level 1 of the Lair of Beasts
  7498 | Lair:1   | Found a blossoming altar of Fedhas.
  7501 | Lair:1   | Noticed Nergalle
  7510 | Lair:1   | Reached XP level 12. HP: 119/119 MP: 2/11
  7521 | Lair:1   | Killed Nergalle
  7521 | Lair:1   | Reached skill level 7 in Maces & Flails
  8076 | Lair:2   | Reached skill level 8 in Maces & Flails
  8104 | Lair:2   | Noticed a five-headed hydra
  8113 | Lair:2   | Killed a five-headed hydra
  8134 | Lair:2   | Received a gift from Trog
  8172 | Lair:2   | Reached skill level 9 in Maces & Flails
  8651 | Lair:3   | Reached skill level 10 in Maces & Flails
  8734 | Lair:3   | Reached skill level 2 in Armour
  8740 | Lair:3   | Noticed Snorg
  8752 | Lair:3   | Killed Snorg
  8752 | Lair:3   | Reached skill level 7 in Dodging
  8914 | Lair:3   | Reached skill level 3 in Armour
  9123 | Lair:3   | Reached skill level 4 in Armour
  9284 | Lair:4   | Reached XP level 13. HP: 117/127 MP: 12/12
  9300 | Lair:4   | Received a gift from Trog
  9453 | Lair:4   | Found a hole to the Spider Nest.
  9675 | Lair:4   | Noticed a five-headed hydra
  9684 | Lair:4   | Killed a five-headed hydra
  9684 | Lair:4   | Reached skill level 8 in Dodging
  9716 | Lair:4   | Reached skill level 5 in Armour
  9741 | Lair:4   | Found a staircase to the Swamp.
 10545 | Lair:5   | Reached skill level 6 in Armour
 10663 | Lair:6   | Reached skill level 9 in Dodging
 10749 | Lair:6   | Noticed Maud
 10764 | Lair:6   | Killed Maud
 11128 | Lair:6   | Reached skill level 7 in Armour
 11808 | Lair:7   | Received a gift from Trog
 11840 | Lair:7   | Found a labyrinth entrance.
 11849 | Lab      | Entered a labyrinth
 11900 | Lab      | Got a brightly glowing dire flail
 11901 | Lab      | Identified the +1 dire flail "Troll's Death" {antimagic, rN++} (You found it in a labyrinth)
 12097 | Lab      | Reached skill level 10 in Dodging
 12198 | Lab      | Found an exit through the horrors of the Abyss.
 12333 | Lair:7   | Reached XP level 14. HP: 122/136 MP: 4/13
 12605 | Lair:7   | Reached skill level 8 in Armour
 12787 | Lair:8   | Entered Level 8 of the Lair of Beasts
 12972 | Lair:8   | Received a gift from Trog
 13015 | Lair:8   | Found a staircase to the Slime Pits.
 13015 | Lair:8   | Found a viscous altar of Jiyva.
 13207 | Lair:8   | Reached skill level 9 in Armour
 13207 | Lair:8   | Reached skill level 11 in Dodging
 13560 | Lair:8   | Reached skill level 9 in Fighting
 13924 | Lair:8   | Found a runed door.
 14043 | Lair:8   | Paralysed by a wasp for 2 turns
 14382 | Lair:8   | Reached skill level 10 in Fighting
 14385 | Lair:8   | Reached XP level 15. HP: 149/149 MP: 5/14
 14388 | Lair:8   | Received a gift from Trog
 14686 | Orc:1    | Entered Level 1 of the Orcish Mines
 14922 | Orc:2    | Found Viluaxko's Armour Boutique.
 14930 | Orc:2    | Bought the cursed +0 shield of Timeuhoyl {rElec MP-9 Dex+4 Slay+3} for 438 gold pieces
 15331 | Orc:3    | Found a bloodstained altar of Trog.
 15384 | Orc:3    | Reached skill level 10 in Armour
 15428 | Orc:3    | Received a gift from Trog
 15544 | Orc:3    | Found a shimmering altar of Xom.
 15863 | Orc:4    | Entered Level 4 of the Orcish Mines
 16015 | Orc:4    | Found a staircase to the Elven Halls.
 16313 | Orc:4    | Received a gift from Trog
 16808 | Orc:4    | Received a gift from Trog
 17122 | Orc:4    | Found Tysaus's Book Shop.
 17125 | Orc:4    | Found Nitracloro's Food Shop.
 17126 | Orc:4    | Found Hequs's General Store.
 17127 | Orc:4    | Found Irueroiq's General Store.
 17134 | Orc:4    | Bought a scroll of enchant weapon for 97 gold pieces
 17134 | Orc:4    | Bought a wand of heal wounds (7) for 858 gold pieces
 17134 | Orc:4    | Bought a fan of gales for 520 gold pieces
 17225 | Elf:1    | Entered Level 1 of the Elven Halls
 17238 | Elf:1    | Reached skill level 11 in Fighting
 17404 | Elf:1    | Identified the Tome of Necromancy
 17485 | Elf:1    | Found Uzxuesea's Magic Scroll Shop.
 17506 | Elf:1    | Found a frozen archway.
 17543 | Elf:1    | Found a deep blue altar of Sif Muna.
 17551 | IceCv    | Entered an ice cave
 17650 | IceCv    | Upgraded the game from 0.17-a0-2027-gcac42c4 to 0.17-a0-2055-gb4e23be
 17659 | IceCv    | Reached skill level 11 in Maces & Flails
 18133 | Elf:1    | Bought a scroll of magic mapping for 49 gold pieces
 18133 | Elf:1    | Bought a scroll of magic mapping for 49 gold pieces
 18133 | Elf:1    | Bought a scroll of teleportation for 42 gold pieces
 18133 | Elf:1    | Bought a scroll of enchant armour for 105 gold pieces
 18241 | Elf:1    | Reached skill level 12 in Fighting
 18751 | Elf:2    | Received a gift from Trog
 18881 | Elf:3    | Entered Level 3 of the Elven Halls
 19105 | Elf:3    | Cast into the Abyss (a deep elf demonologist)
 19346 | Abyss:1  | Reached XP level 16. HP: 133/133 MP: 6/15
 19482 | Abyss:1  | Noticed a bone dragon
 19495 | Abyss:1  | Killed a bone dragon
 19495 | Abyss:1  | Reached skill level 12 in Maces & Flails
 19689 | Elf:3    | Escaped the Abyss
 19959 | Elf:3    | Reached skill level 13 in Maces & Flails
 19973 | Elf:3    | Noticed a deep elf master archer
 19984 | Elf:3    | Killed a deep elf master archer
 20229 | Elf:3    | Noticed a deep elf blademaster
 20255 | Elf:3    | Killed a deep elf blademaster
 20395 | Elf:3    | Noticed a deep elf blademaster
 20427 | Elf:3    | Killed a deep elf blademaster
 20427 | Elf:3    | Reached skill level 14 in Maces & Flails
 20508 | Elf:3    | Got a wavering wooden ring
 20511 | Elf:3    | Identified the cursed ring "Lobbi" {Str-2 Int+3 Stlth+} (You took it off a deep elf annihilator on level 3 of the Elven Halls)
 20515 | Elf:3    | Got a steaming battleaxe {drain}
 20518 | Elf:3    | Identified the +8 battleaxe "Pafuikk" {drain, rPois} (You took it off a deep elf summoner on level 3 of the Elven Halls)
 20613 | Elf:3    | Got a jewelled great mace {crush}
 20615 | Elf:3    | Identified the +7 great mace of Dividends {crush, *Contam rC+ Str+5} (You took it off a deep elf demonologist on level 3 of the Elven Halls)
 20687 | Elf:3    | Noticed a deep elf master archer
 20696 | Elf:3    | Killed a deep elf master archer
 20742 | Elf:3    | Reached skill level 15 in Maces & Flails
 20935 | Elf:3    | Reached XP level 17. HP: 147/175 MP: 16/16
 21015 | Elf:3    | Found Poubbez's Assorted Antiques.
 21024 | Elf:3    | Bought a potion of heal wounds for 170 gold pieces
 21024 | Elf:3    | Bought a potion of might for 136 gold pieces
 21049 | Elf:3    | Found a portal to a secret trove of treasure.
 21841 | D:13     | Found Isarrum's Antique Weapon Emporium.
 21957 | D:13     | Noticed Azrael
 21976 | D:13     | Received a gift from Trog
 21980 | D:13     | Killed Azrael
 21993 | D:13     | Got a faintly glowing giant club {god gift}
 21994 | D:13     | Identified the +7 giant club "Fosiacy" {crush, *Corrode rElec rC+ SInv} (Trog gifted it to you on level 13 of the Dungeon)
 22709 | D:14     | Found a glowing golden altar of the Shining One.
 23127 | D:14     | Found a gate to the Vaults.
 23209 | D:15     | Entered Level 15 of the Dungeon
 23238 | D:15     | Reached skill level 16 in Maces & Flails
 23452 | D:15     | Found a staircase to the Depths.
 23560 | D:15     | Found Hoohar's Assorted Antiques.
 23713 | Depths:1 | Entered Level 1 of the Depths
 23934 | Depths:1 | Paralysed by a great orb of eyes for 7 turns
 23947 | Depths:1 | Paralysed by a great orb of eyes for 2 turns
 23953 | Depths:1 | Paralysed by a great orb of eyes for 2 turns
 24047 | Depths:1 | Found Xuvuuj's Jewellery Shop.
 24050 | Depths:1 | Found Somell's Antique Weapon Shop.
 24072 | Depths:1 | Found Oqovvej's Antique Weapon Shop.
 24150 | Depths:1 | Found Tel Caiq's Armour Shop.
 24465 | Depths:1 | Found Ofepn's Jewellery Emporium.
 24468 | Depths:1 | Bought the amulet of the Four Winds {Clar rN+ MR+++} for 678 gold pieces
 24468 | Depths:1 | Bought the ring "Giosana" {*Confuse +Fly rPois rF+ MR+} for 612 gold pieces
 24486 | Depths:1 | Found a one-way gate to the infinite horrors of the Abyss.
 24561 | Depths:1 | Found a gateway to Hell.
 24722 | Depths:1 | Found a one-way gate leading to the halls of Pandemonium.
 24760 | Depths:1 | Reached skill level 17 in Maces & Flails
 24915 | Depths:1 | Identified the Handbook of Displaced Enhancements
 25284 | Swamp:1  | Entered Level 1 of the Swamp
 26112 | Swamp:4  | Entered Level 4 of the Swamp
 26192 | Swamp:4  | Noticed the 27-headed Lernaean hydra
 26201 | Swamp:4  | Killed the 27-headed Lernaean hydra
 26306 | Swamp:4  | Reached skill level 18 in Maces & Flails
 26311 | Swamp:4  | Reached XP level 18. HP: 141/183 MP: 17/17
 26475 | Swamp:4  | Got a decaying rune of Zot
 27164 | Depths:2 | Received a gift from Trog
 27672 | Depths:2 | Found a flickering gateway to a bazaar.
 27677 | Bazaar   | Entered a bazaar
 27677 | Bazaar   | Found Nuaplud's Antique Armour Emporium.
 27689 | Bazaar   | Found Adwi's Assorted Antiques.
 27697 | Bazaar   | Found Naathralo's Antique Armour Boutique.
 27706 | Bazaar   | Found Nenlotzo's Antique Armour Shop.
 27733 | Bazaar   | Bought a scroll of teleportation for 57 gold pieces
 27843 | Depths:3 | Reached skill level 13 in Fighting
 28099 | Depths:3 | Noticed Sojobo
 28299 | Depths:3 | Noticed Xtahua
 28308 | Depths:3 | Killed Xtahua
 28338 | Depths:3 | Reached skill level 11 in Armour
 28678 | Depths:3 | Reached skill level 12 in Dodging
 28769 | Depths:3 | Noticed Boris
 28781 | Depths:3 | Killed Boris
 29032 | Depths:3 | Reached XP level 19. HP: 129/195 MP: 18/18
 29111 | Depths:3 | Killed Sojobo
 29765 | Elf:2    | Got a translucent giant spiked club {god gift}
 29773 | Elf:2    | Identified the +5 giant spiked club "Giann" {crush, rPois Str+4} (Trog gifted it to you on level 2 of the Elven Halls)
 30308 | Depths:1 | Bought a runed giant spiked club for 62 gold pieces
 30482 | Vaults:1 | Entered Level 1 of the Vaults
 30825 | Vaults:1 | Received a gift from Trog
 30859 | Vaults:1 | Reached skill level 14 in Fighting
 31021 | Vaults:1 | Reached skill level 12 in Armour
 31839 | Vaults:1 | Reached skill level 13 in Dodging
 32269 | Vaults:2 | Received a gift from Trog
 32809 | Vaults:2 | Found Eveulejo's Jewellery Shoppe.
 33857 | Vaults:3 | Found Xetoar's Antique Armour Boutique.
 33866 | Vaults:3 | Found Atzol's Weapon Shop.
 33899 | Vaults:3 | Reached XP level 20. HP: 204/209 MP: 19/19
 33909 | Vaults:3 | Received a gift from Trog
 33911 | Vaults:3 | Found Omonn's Antique Weapon Boutique.
 33920 | Vaults:3 | Reached skill level 13 in Armour
 33932 | Vaults:3 | Got a smoking giant club {god gift}
 33934 | Vaults:3 | Identified the +5 giant club of Exquisite Death {crush, *Corrode Int+4 Dex+4 SInv} (Trog gifted it to you on level 3 of the Vaults)
 34011 | Vaults:3 | Found Gesh's General Store.
 34047 | Vaults:3 | Reached skill level 15 in Fighting
 34416 | Vaults:3 | Found Voxa's Distillery.
 34419 | Vaults:3 | Bought a potion of might for 64 gold pieces
 34934 | Vaults:3 | Found a staircase to the Crypt.
 34934 | Vaults:3 | Found a basalt altar of Yredelemnul.
 34935 | Vaults:3 | Found an ancient bone altar of Kikubaaqudgha.
 35327 | Vaults:4 | Received a gift from Trog
 35781 | Vaults:4 | Reached skill level 19 in Maces & Flails
 36070 | Vaults:4 | Received a gift from Trog
 36527 | Vaults:4 | Reached skill level 16 in Fighting
 36938 | Vaults:1 | Reached XP level 21. HP: 222/222 MP: 20/20
 37901 | Depths:2 | Noticed a lich
 37904 | Depths:2 | Received a gift from Trog
 37908 | Depths:2 | Killed a lich
 37912 | Depths:2 | Reached skill level 20 in Maces & Flails
 38166 | Depths:2 | Noticed a golden dragon
 38169 | Depths:2 | Reached skill level 1 in Throwing
 38175 | Depths:2 | Killed a golden dragon
 38175 | Depths:2 | Reached skill level 2 in Throwing
 38206 | Depths:2 | Reached skill level 3 in Throwing
 38636 | Depths:3 | Reached skill level 4 in Throwing
 38801 | Depths:4 | Reached skill level 5 in Throwing
 39170 | Depths:4 | Received a gift from Trog
 39233 | Depths:4 | Reached skill level 6 in Throwing
 39376 | Depths:5 | Entered Level 5 of the Depths
 39546 | Depths:4 | Reached skill level 7 in Throwing
 40084 | Depths:4 | Found a gateway to a ziggurat.
 40479 | Depths:4 | Reached skill level 8 in Throwing
 40532 | Depths:2 | Received a gift from Trog
 40549 | Depths:2 | Got a transparent giant club {god gift}
 40550 | Depths:2 | Identified the +7 giant club of the Thing {freeze, Int+3} (Trog gifted it to you on level 2 of the Depths)
 41056 | Spider:1 | Entered Level 1 of the Spider Nest
 41155 | Spider:2 | Noticed Agnes
 41160 | Spider:2 | Killed Agnes
 41181 | Spider:1 | Reached skill level 9 in Throwing
 41425 | Spider:2 | Noticed Frances
 41446 | Spider:2 | Killed Frances
 41587 | Spider:3 | Received a gift from Trog
 41702 | Spider:4 | Entered Level 4 of the Spider Nest
 41709 | Spider:4 | Noticed Donald
 41718 | Spider:4 | Killed Donald
 41718 | Spider:4 | Reached skill level 10 in Throwing
 41905 | Spider:4 | Received a gift from Trog
 42031 | Spider:4 | Reached XP level 22. HP: 202/231 MP: 11/21
 42114 | Spider:4 | Received a gift from Trog
 42114 | Spider:4 | Reached skill level 11 in Throwing
 42171 | Spider:4 | Got a gossamer rune of Zot
 42297 | Spider:2 | Your ally Frances died
 42703 | Zig:1    | Entered Level 1 of a ziggurat
 42726 | Zig:2    | Entered Level 2 of a ziggurat
 42758 | Zig:3    | Entered Level 3 of a ziggurat
 42885 | Zig:4    | Entered Level 4 of a ziggurat
 43096 | Zig:5    | Entered Level 5 of a ziggurat
 43313 | Zig:6    | Entered Level 6 of a ziggurat
 43331 | Zig:6    | Reached skill level 12 in Throwing
 43903 | Elf:3    | You paid a toll of a +4 storm dragon armour to enter a treasure trove
 43904 | Trove    | Entered a treasure trove
 43921 | Trove    | Got a jewelled arbalest
 44273 | D:14     | Got a smoking robe
 44284 | D:14     | Identified the +3 robe of Satisfaction {rPois rN+ Int-5 Dex+4} (You found it on level 14 of the Dungeon)
 44284 | D:14     | Lost intelligence.
 44330 | D:14     | Fell from the grace of Trog
 44330 | D:14     | Became a worshipper of the Shining One
 44554 | Crypt:1  | Entered Level 1 of the Crypt
 44577 | Crypt:1  | Acquired the Shining One's first power
 44589 | Crypt:1  | Reached skill level 1 in Invocations
 44613 | Crypt:1  | Reached skill level 2 in Invocations
 44676 | Crypt:1  | Acquired the Shining One's second power
 44718 | Crypt:1  | Reached skill level 3 in Invocations
 45194 | Crypt:2  | Reached skill level 4 in Invocations
 45266 | Crypt:2  | Acquired the Shining One's third power
 45296 | Crypt:2  | Reached skill level 5 in Invocations
 45351 | Crypt:2  | Got a warped bone ring
 45373 | Crypt:2  | Reached skill level 6 in Invocations
 45382 | Crypt:2  | Acquired the Shining One's fourth power
 45439 | Crypt:2  | Identified the ring of Paatturyme {*Contam rN++ MP+9 Dex+5} (You took it off a skeletal warrior on level 2 of the Crypt)
 45629 | Crypt:2  | Found a blossoming altar of Fedhas.
 45811 | Crypt:3  | Entered Level 3 of the Crypt
 45826 | Crypt:3  | Reached skill level 7 in Invocations
 46047 | Crypt:3  | Reached skill level 8 in Invocations
 46079 | Crypt:3  | Identified a +9 giant spiked club of holy wrath (a +7 giant spiked club blessed by the Shining One)
 46079 | Crypt:3  | Received a gift from the Shining One
 46265 | Crypt:3  | Reached skill level 9 in Invocations
 46292 | Crypt:3  | Got a bound bronze amulet
 46305 | Crypt:3  | Reached skill level 10 in Invocations
 46339 | Crypt:3  | Got a brightly glowing trident
 46343 | Crypt:3  | Got an ichor-stained spear
 46350 | Crypt:3  | Got a faintly glowing ruby amulet
 46352 | Crypt:3  | Identified the amulet "Joirulie" {Ward rF+ rC+ rN+} (You took it off a vampire mage on level 3 of the Crypt)
 46353 | Crypt:3  | Identified the amulet of Rymmup {Ward rC+ rN+ Str+2} (You found it on level 3 of the Crypt)
 46360 | Crypt:3  | Got a slimy pewter ring
 46361 | Crypt:3  | Identified the ring of Ocomnof {*Corrode rPois rN+ Str+5} (You found it on level 3 of the Crypt)
 46460 | Crypt:3  | Reached XP level 23. HP: 237/239 MP: 29/29
 46606 | Crypt:3  | Found a staircase to the Tomb.
 46851 | Tomb:1   | Entered Level 1 of the Tomb of the Ancients
 47306 | Tomb:1   | Reached skill level 11 in Invocations
 47317 | Tomb:1   | Reached skill level 1 in Evocations
 47365 | Tomb:1   | Noticed a greater mummy
 47371 | Tomb:1   | Noticed a greater mummy
 47378 | Tomb:1   | Reached skill level 2 in Evocations
 47379 | Tomb:1   | Killed a greater mummy
 47379 | Tomb:1   | Reached skill level 3 in Evocations
 47382 | Tomb:1   | Killed a greater mummy
 47385 | Tomb:1   | Reached skill level 4 in Evocations
 47390 | Tomb:1   | Reached skill level 5 in Evocations
 48283 | Hell     | Entered the Vestibule of Hell
 48283 | Hell     | Noticed Geryon
 48300 | Depths:1 | Reached skill level 6 in Evocations
 48553 | Depths:1 | Reached skill level 7 in Evocations
 49198 | Hell     | Killed Geryon
 49228 | Depths:1 | Reached skill level 8 in Evocations
 49387 | Hell     | Found a gateway to the ashen valley of Gehenna.
 49438 | Hell     | Found a gateway to the Iron City of Dis.
 49477 | Geh:1    | Entered Level 1 of Gehenna
 49537 | Geh:1    | Reached skill level 9 in Evocations
 49868 | Geh:1    | Cast into the Abyss (hell knight)
 49913 | Abyss:1  | Reached skill level 10 in Evocations
 50167 | Abyss:1  | Noticed an ancient lich
 50174 | Abyss:1  | Killed an ancient lich
 50174 | Abyss:1  | Reached XP level 24. HP: 245/247 MP: 30/30
 50432 | Abyss:1  | Reached skill level 11 in Evocations
 50439 | Abyss:1  | Paralysed by accursed screaming for 2 turns
 50443 | Abyss:1  | Paralysed by accursed screaming for 2 turns
 50448 | Abyss:1  | Paralysed by accursed screaming for 2 turns
 50652 | Abyss:1  | Found a corrupted altar of Lugonu.
 50717 | Abyss:1  | Found a bloodstained altar of Trog.
 50843 | Abyss:1  | Found a bloodstained altar of Trog.
 50871 | Abyss:1  | Found a bloodstained altar of Trog.
 50909 | Abyss:1  | Noticed an ancient lich
 50916 | Abyss:1  | Killed an ancient lich
 50919 | Abyss:1  | Reached skill level 12 in Evocations
 51161 | Geh:1    | Escaped the Abyss
 51487 | D:15     | Demolished by a stone giant

Table legend:
 A = Turns spent in this place as a percentage of turns spent in the entire game.
 B = Non-inter-level travel turns spent in this place as a percentage of non-inter-level travel turns spent in the entire game.
 C = Inter-level travel turns spent in this place as a percentage of turns spent in this place.
 D = Turns resting spent in this place as a percentage of non-inter-level travel turns spent in this place.
 E = Turns spent auto-exploring this place as a percentage of non-inter-level travel turns spent in this place.
 F = Non-inter-level travel turns spent in this place divided by the number of levels of this place that you've seen.
                   A       B       C       D       E      F
               +-------+-------+-------+-------+-------+----------------------
         Total | 100.0 | 100.0 |   0.5 |   2.6 |   5.2 | 379.9
       Dungeon |  15.5 |  15.4 |   1.0 |   1.5 |  10.5 | 257.7
          Lair |  12.8 |  12.8 |   0.5 |   0.4 |   8.1 | 401.9
         Swamp |   3.8 |   3.8 |   0.3 |   3.2 |   3.1 | 237.5
   Spider Nest |   4.1 |   4.1 |   0.5 |   2.1 |   0.1 | 259.0
  Orcish Mines |   5.3 |   5.3 |   0.6 |   1.8 |   6.8 | 333.2
   Elven Halls |   7.6 |   7.6 |   0.5 |   6.1 |   1.0 | 638.7
        Vaults |  12.3 |  12.3 |   0.5 |   2.0 |   5.8 | 773.5
         Crypt |   5.0 |   5.0 |   0.6 |   0.7 |   7.4 | 415.3
          Tomb |   2.0 |   2.0 |   0.0 |   2.8 |   0.6 | 494.0
        Depths |  15.5 |  15.5 |   0.9 |   5.0 |   3.1 | 777.0
          Hell |   1.0 |   1.0 |   0.4 |   0.0 |   0.0 | 239.0
       Gehenna |   2.4 |   2.4 |   0.3 |   1.8 |   0.0 | 597.0
         Abyss |   5.0 |   5.0 |   0.0 |   2.1 |   8.2 | 626.5
      Ziggurat |   1.2 |   1.2 |   0.0 |   6.8 |   0.0 |  51.2
     Labyrinth |   1.9 |   1.9 |   0.0 |   0.4 |   0.0 | 483.0
        Bazaar |   0.4 |   0.4 |   0.0 |   0.0 |   0.0 |  98.0
         Trove |   0.1 |   0.1 |   0.0 |   0.0 |   0.0 |  37.0
        Bailey |   1.9 |   2.0 |   0.0 |   4.5 |   0.6 | 491.0
      Ice Cave |   2.1 |   2.1 |   0.0 |   2.4 |   0.0 | 536.0
               +-------+-------+-------+-------+-------+----------------------

Table legend:
 A = Kills in this place as a percentage of kills in entire the game.
 B = Kills by you in this place as a percentage of kills by you in the entire game.
 C = Kills by friends in this place as a percentage of kills by friends in the entire game.
 D = Other kills in this place as a percentage of other kills in the entire game.
 E = Experience gained in this place as a percentage of experience gained in the entire game.
 F = Experience gained in this place divided by the number of levels of this place that you have seen.
                   A       B       C       D       E      F
               +-------+-------+-------+-------+-------+----------------------
         Total | 100.0 | 100.0 | 100.0 | 100.0 | 100.0 | 15938.8
       Dungeon |  15.2 |  15.4 |   5.9 |   0.0 |   3.9 | 2718.1
          Lair |  13.5 |  13.7 |   0.0 |   0.0 |   7.6 | 9997.8
         Swamp |   3.5 |   3.6 |   0.0 |   0.0 |   3.7 | 9860.8
   Spider Nest |   4.6 |   4.5 |  17.6 |   0.0 |   4.7 | 12368.0
  Orcish Mines |   7.4 |   7.5 |   0.0 |   0.0 |   1.3 | 3510.0
   Elven Halls |   4.7 |   4.8 |   0.0 |   0.0 |   7.6 | 26674.7
        Vaults |  15.4 |  15.3 |   5.9 |  40.0 |  18.3 | 48145.2
         Crypt |   5.4 |   5.5 |   0.0 |   0.0 |   9.7 | 33917.3
          Tomb |   2.1 |   2.1 |   0.0 |   0.0 |   4.7 | 49250.0
        Depths |  12.4 |  12.5 |   5.9 |  10.0 |  21.6 | 45405.2
          Hell |   1.3 |   1.3 |   0.0 |   0.0 |   2.0 | 21141.0
       Gehenna |   3.4 |   3.2 |  35.3 |   0.0 |   3.8 | 40202.0
         Abyss |   5.1 |   4.7 |   0.0 |  50.0 |   7.6 | 39788.0
      Ziggurat |   1.4 |   1.3 |  23.5 |   0.0 |   2.1 | 3611.8
     Labyrinth |   0.4 |   0.4 |   0.0 |   0.0 |   0.2 | 2232.0
        Bailey |   2.9 |   2.9 |   5.9 |   0.0 |   0.3 | 3479.0
      Ice Cave |   1.3 |   1.3 |   0.0 |   0.0 |   0.9 | 9321.0
               +-------+-------+-------+-------+-------+----------------------

Vanquished Creatures
  2 ancient liches (Abyss:1)
  2 greater mummies (Tomb:1)
  Sojobo (Depths:3)
  Boris (Depths:3)
  the Lernaean hydra (Swamp:4)
  A curse toe (Crypt:3)
  Geryon (Hell)
  A golden dragon (Depths:2)
  3 bone dragons
  Xtahua (Depths:3)
  7 liches
  A hellephant (Depths:1)
  A tentacled monstrosity (Abyss:1)
  A Hell Sentinel (Abyss:1)
  2 deep elf blademasters (Elf:3)
  A quicksilver dragon (Depths:3)
  2 deep elf master archers (Elf:3)
  7 tentacled starspawn (Abyss:1)
  An eldritch tentacle (Geh:1)
  3 ancient champions (Crypt:3)
  7 sphinxes
  Agnes (Spider:2)
  2 octopode crushers (Depths:2)
  Frances (Spider:2)
  5 tengu reavers
  4 shadow dragons
  A storm dragon (Zig:4)
  5 revenants
  A daeva (Abyss:1)
  7 fire giants
  Donald (Spider:4)
  8 deep elf sorcerers
  Maud (Lair:6)
  8 vault wardens
  5 frost giants
  2 ghost moths
  A balrug (Zig:3)
  A curse skull (Crypt:3)
  An iron dragon (Depths:4)
  5 emperor scorpions (Spider:4)
  An orc warlord (Bailey)
  A war gargoyle (Hell)
  5 ghouls
  6 reapers
  A cacodemon (Depths:2)
  A vampire knight (Crypt:1)
  17 stone giants
  8 ironheart preservers
  A lorocyproca (Depths:3)
  A salamander firebrand (Geh:1)
  10 very ugly things
  11 deep elf demonologists
  Azrael (D:13)
  11 deep elf annihilators
  A purple draconian (Abyss:1)
  2 salamander stormcallers
  A white draconian (Abyss:1)
  2 eidola (Crypt:1)
  3 blizzard demons
  2 crystal guardians
  9 deep elf death magi
  Snorg (Lair:3)
  10 ettins
  A minotaur (Lab)
  3 mummy priests (Tomb:1)
  2 quicksilver dragon zombies
  A green death (Abyss:1)
  5 great orbs of eyes
  3 deep elf high priests (Elf:3)
  5 vault guards
  14 yaktaur captains
  4 ice dragons
  10 jiangshi
  21 hydras
  7 fire dragons
  5 entropy weavers
  Harold (D:11)
  16 ogre magi
  5 spriggan air magi
  3 naga warriors (Zig:6)
  4 catoblepae
  A hell beast (Swamp:1)
  5 alligators
  3 death knights
  Erica (D:8)
  10 centaur warriors
  A ghost crab (shapeshifter) (Depths:3)
  3 deep troll shamans
  6 rakshasas
  5 dancing weapons (Depths:3)
  2 thrashing horrors (Abyss:1)
  A queen ant (Lair:3)
  5 tengu warriors (Depths:1)
  14 death yaks
  3 hell hogs
  3 spriggan berserkers
  A satyr (Zig:2)
  11 deep troll earth magi
  4 vampire magi
  18 large abominations
  Urug (D:11)
  6 orc high priests
  4 naga sharpshooters
  4 sun demons
  A shock serpent (Zig:6)
  An iron golem (Hell)
  10 soul eaters
  3 storm dragon zombies
  Nergalle (Lair:1)
  12 deep elf knights
  4 wretched stars (Abyss:1)
  17 death scarabs (Tomb:1)
  2 fire crabs (shapeshifter)
  13 skeletal warriors
  A spatial maelstrom (Abyss:1)
  3 iron trolls
  4 shadow wraiths
  2 titan skeletons
  4 giant orange brains
  2 salamander mystics (Depths:3)
  8 ice devils
  A spriggan druid (Zig:5)
  A death drake (shapeshifter) (Depths:3)
  A fire crab (Depths:3)
  21 deep trolls
  26 hell knights
  11 flayed ghosts
  2 ice statues (IceCv)
  2 unseen horrors
  8 deep elf summoners
  11 necromancers
  3 phantasmal warriors
  10 ironbrand convokers
  A shadow dragon zombie (Geh:1)
  A shambling mangrove (Swamp:2)
  A golden dragon skeleton (Crypt:3)
  A hill giant (shapeshifter) (Depths:2)
  A lindwurm (shapeshifter) (Vaults:4)
  A harpy (shapeshifter) (D:13)
  13 orc knights
  A lindwurm (Lair:8)
  8 hill giants
  5 harpies
  13 swamp dragons
  An anaconda skeleton (Crypt:1)
  A wolf spider zombie (D:13)
  A wolf spider (shapeshifter) (Depths:3)
  An iron dragon zombie (Geh:1)
  7 deep elf conjurers
  7 orb spiders
  A wizard (Depths:3)
  38 ugly things
  3 fire giant zombies
  2 stone giant zombies
  5 hornets
  A worldbinder (Abyss:1)
  2 human zombies (Vaults:4)
  6 griffons
  3 cyclopes (Vaults:1)
  A shadow dragon skeleton (Crypt:1)
  3 manticores
  A mana viper (Depths:3)
  18 wolf spiders
  A hornet (shapeshifter) (Vaults:4)
  2 sixfirhies
  A water nymph (shapeshifter) (Vaults:3)
  A frost giant zombie (Geh:1)
  7 vault sentinels
  An orc sorcerer (Orc:3)
  A shock serpent zombie (Crypt:1)
  An oklob plant (Lair:6)
  15 elephants
  2 iron dragon skeletons
  8 black mambas
  8 torpor snails
  4 rust devils
  3 smoke demons (Abyss:1)
  2 stone giant skeletons
  2 orange demons (Abyss:1)
  2 apocalypse crabs (Abyss:1)
  2 molten gargoyles (Geh:1)
  4 salamanders (Geh:1)
  2 gargoyles
  6 hellions
  10 naga magi
  An alligator snapping turtle zombie (Crypt:3)
  A dire elephant skeleton (Geh:1)
  The ghost of Conn321 the Artisan of Death, a novice HONe of Kikubaaqudgha (D:5)
  29 yaktaurs
  A komodo dragon (shapeshifter) (Depths:1)
  20 spiny frogs
  4 tormentors
  2 yaktaurs (shapeshifter)
  An emperor scorpion zombie (Crypt:1)
  2 kobold demonologists
  An anaconda simulacrum (Depths:3)
  5 demonic crawlers
  An alligator snapping turtle skeleton (Crypt:2)
  5 hellwings
  10 freezing wraiths
  6 guardian mummies (Tomb:1)
  An efreet (Abyss:1)
  A human skeleton (Vaults:4)
  14 jumping spiders
  2 tengu conjurers
  6 deep elf priests
  3 fire drakes
  A catoblepas skeleton (Geh:1)
  A merfolk (shapeshifter) (Depths:2)
  30 two-headed ogres
  A yaktaur skeleton (Vaults:4)
  5 trolls
  An entropy weaver zombie (Crypt:1)
  6 komodo dragons
  11 giant leeches
  4 polar bears
  3 hydra zombies
  2 ancient zymes (Abyss:1)
  A jumping spider (shapeshifter) (Vaults:3)
  4 red devils
  10 blue devils
  A troll (shapeshifter) (Vaults:1)
  An alligator zombie (Abyss:1)
  A two-headed ogre (shapeshifter) (Vaults:1)
  8 boulder beetles
  9 blink frogs
  28 slime creatures
  An ushabti (Tomb:1)
  An ice dragon zombie (Geh:1)
  2 bog bodies
  A raiju (Abyss:1)
  2 ettin zombies
  A fire dragon zombie (Crypt:2)
  14 trapdoor spiders
  A spriggan (shapeshifter) (Vaults:4)
  16 deep elf magi
  17 flying skulls
  17 tarantellas
  A black mamba zombie (Hell)
  An ice dragon skeleton (Crypt:2)
  An air elemental (Depths:4)
  16 starcursed masses (Abyss:1)
  5 ynoxinuls (Abyss:1)
  26 redbacks
  8 spriggans
  12 water elementals
  7 wyverns
  2 neqoxecs (Abyss:1)
  11 shadows
  4 vampires
  A dire elephant simulacrum (Crypt:1)
  An alligator skeleton (Crypt:1)
  18 deep elf fighters
  5 chaos spawn
  41 yaks
  10 hippogriffs
  7 wraiths
  A hippogriff (shapeshifter) (D:14)
  A basilisk (D:13)
  8 fire elementals
  2 hungry ghosts
  A mottled dragon (Vaults:2)
  23 vampire mosquitoes
  4 golden eyes (Abyss:1)
  Grum (D:11)
  12 water moccasins
  20 soldier ants (Lair:3)
  14 swamp worms
  A harpy simulacrum (Depths:3)
  4 wolves
  An infernal demonspawn zombie (Crypt:1)
  3 wargs
  A merfolk skeleton (Crypt:3)
  A spatial vortex (Abyss:1)
  A monstrous demonspawn zombie (Crypt:1)
  52 orc warriors
  A merfolk zombie (Crypt:2)
  Duvessa (D:4)
  18 ice beasts
  A hydra simulacrum (Hell)
  10 swamp drakes
  9 spiders
  A sky beast (D:11)
  An infernal demonspawn skeleton (Crypt:3)
  2 phantoms
  An eye of draining (shapeshifter) (D:14)
  11 porcupines
  5 hell hounds
  A snapping turtle zombie (Hell)
  15 wasps
  28 boggarts
  13 centaurs
  A lindwurm skeleton (Crypt:2)
  2 black bears
  A lindwurm zombie (Crypt:1)
  5 necrophages
  2 eyes of draining
  A manticore skeleton (Crypt:3)
  50 ogres
  An elephant skeleton (Crypt:2)
  2 fire dragon simulacra
  A snapping turtle skeleton (Hell)
  13 crocodiles
  4 big kobolds
  3 brain worms (Lair:8)
  3 elf zombies (Elf:1)
  16 giant frogs
  A merfolk simulacrum (Hell)
  An earth elemental (Lab)
  2 scorpions
  A wyvern skeleton (D:12)
  9 small abominations
  Dowan (D:4)
  16 killer bees
  A yak zombie (Crypt:2)
  4 jellies
  4 wights (Geh:1)
  A snapping turtle simulacrum (Crypt:2)
  An electric eel (Lair:8)
  A hippogriff skeleton (Crypt:2)
  2 quasits (Abyss:1)
  2 centaur zombies
  9 crimson imps
  4 lava snakes (Lab)
  2 iron imps
  32 orc wizards
  2 giant frog skeletons
  2 gnoll shamans
  6 hounds
  A human simulacrum (Vaults:3)
  2 centaur skeletons
  31 orc priests
  5 iguanas
  6 hell rats
  A two-headed ogre skeleton (Crypt:2)
  29 worker ants
  A crocodile zombie (Crypt:1)
  28 sheep
  A centaur simulacrum (Hell)
  6 mummies (Tomb:1)
  A tengu simulacrum (Abyss:1)
  A worker ant zombie (D:11)
  22 gnolls
  10 adders
  34 river rats
  3 shadow imps
  12 white imps
  7 ufetubi
  An adder zombie (D:6)
  17 worms
  2 adder skeletons
  A halfling skeleton (Crypt:2)
  A lava snake skeleton (Crypt:3)
  162 orcs
  6 bats
  3 giant cockroaches
  2 gnoll zombies (D:5)
  24 goblins
  23 hobgoblins
  17 jackals
  18 kobolds
  4 quokkas
  2 ball pythons
  6 giant geckos
  A giant gecko skeleton (Crypt:3)
  3 giant newts
  A gnoll skeleton (Crypt:1)
  An orc skeleton (Crypt:3)
  2 quokka skeletons
  8 rats
  A rat skeleton (Crypt:3)
  A fungus (Lair:7)
  3 plants (Lair:8)
  10 starspawn tentacles (Abyss:1)
2347 creatures vanquished.

Vanquished Creatures (collateral kills)
  An electric golem (Zig:4)
  An eldritch tentacle (Geh:1)
  2 ghost moths (Spider:4)
  A spriggan air mage (Zig:4)
  2 hell knights (Geh:1)
  An orc knight (Bailey)
  A spriggan (Depths:4)
  2 fire elementals (Geh:1)
  2 insubstantial wisps (Zig:4)
  A hell hound (Geh:1)
  A necrophage (Geh:1)
  A wasp (Spider:4)
  An adder (D:11)
  An orc (Vaults:1)
18 creatures vanquished.

Vanquished Creatures (others)
  An eldritch tentacle (Abyss:1)
  An ironheart preserver (Vaults:4)
  An orc knight (Vaults:4)
  A griffon (Vaults:3)
  2 yaktaurs
  An air elemental (Depths:4)
  A swamp worm (shapeshifter) (Vaults:3)
  3 boggarts
  A necrophage (Geh:1)
  An orc wizard (Vaults:4)
  A mummy (Tomb:1)
  3 white imps (IceCv)
  An ufetubus (IceCv)
  An ooze (D:2)
  A bush (Lair:8)
  35 eldritch tentacle segments
  18 fungi
  5 lost souls
  16 plants
  13 starspawn tentacles (Abyss:1)
  210 starspawn tentacle segments (Abyss:1)
317 creatures vanquished.

Grand Total: 2682 creatures vanquished
